 Dungeon Crawl Stone Soup version 0.29.1-1-gd02db6906a (webtiles) character file.

Game seed: 11558254635371113207

2184 DemonSlayer the Firebug (level 9, 0/61 HPs)
             Began as a Demonspawn Fire Elementalist on Oct 19, 2022.
             Was a Follower of Sif Muna.
             Slain by a sky beast (6 damage)
             ... on level 7 of the Dungeon.
             The game lasted 00:19:50 (7908 turns).

DemonSlayer the Firebug (DsFE)                      Turns: 7908, Time: 00:19:51

Health: 0/61       AC:  4    Str:  8    XL:     9   Next: 11%
Magic:  13/18      EV: 12    Int: 21    God:    Sif Muna [*.....]
Gold:   268        SH:  0    Dex: 14    Spells: 5/20 levels left

rFire   + . .      SeeInvis .   k - +1 dagger
rCold   . . .      Faith    .   (no shield)
rNeg    . . .      Spirit   .   a - +0 robe
rPois   .          Reflect  .   (helmet restricted)
rElec   .          Harm     .   (no cloak)
rCorr   .          Rampage  .   (no gloves)
Will    .....                   (no boots)
Stlth   +++.......              (no amulet)
HPRegen 0.20/turn               l - ring of protection from fire
MPRegen 0.16/turn               (no ring)

@: on berserk cooldown, slowed, invisible, very slow
A: antennae 2, yellow scales 1, demonic magic 2
a: Renounce Religion, Channel Magic


You were on level 7 of the Dungeon.
You worshipped Sif Muna.
Sif Muna was aware of your devotion.
You visited 2 branches of the dungeon, and saw 8 of its levels.

You collected 268 gold pieces.

Inventory:

Hand Weapons
 k - a +1 dagger (weapon)
Armour
 a - a +0 robe (worn)
 f - +0 steam dragon scales
Jewellery
 l - a ring of protection from fire (left hand)
Wands
 p - a wand of roots (20)
Scrolls
 b - 2 scrolls of poison
 c - 4 scrolls of teleportation
 e - 4 scrolls of fog
Potions
 d - 2 potions of attraction
 g - 2 potions of flight
 j - 2 potions of brilliance
 n - 3 potions of lignification
 s - a potion of mutation {unknown}
 w - a potion of berserk rage


   Skills:
 + Level 1.9 Fighting
 + Level 1.7 Short Blades
 + Level 0.1 Maces & Flails
 + Level 2.7 Dodging
 + Level 6.0 Stealth
 + Level 6.2 Spellcasting
 + Level 3.4 Conjurations
 + Level 6.5 Fire Magic


You had 5 spell levels left.
You knew the following spells:

 Your Spells              Type           Power      Damage    Failure   Level
a - Foxfire               Conj/Fire      100%       2x1d9     1%          1
b - Scorch                Fire           68%        2d8       1%          2
c - Stone Arrow           Conj/Erth      26%        3d8       14%         3
d - Conjure Flame         Conj/Fire      27%        6-21      3%          3
e - Mephitic Cloud        Conj/Pois/Air  11%        N/A       19%         3
f - Ignite Poison         Fire/Tmut/Pois 15%        N/A       12%         3

Your spell library contained the following spells:

 Spells                   Type           Power      Damage    Failure   Level
 Inner Flame              Hex/Fire       20%        N/A       8%          3
 Flame Wave               Conj/Fire      27%        2d9       12%         4
 Animate Armour           Summ/Erth      12%        N/A       67%         4
 Freezing Cloud           Conj/Ice/Air   5%         6-21      86%         5
 Lehudib's Crystal Spear  Conj/Erth      6%         10d3      100%        8


Dungeon Overview and Level Annotations

Branches:
Dungeon (7/15)             Temple (1/1) D:5

Altars:
Cheibriados
Dithmenos
Fedhas
Gozag
Nemelex Xobeh
Okawaru
Qazlal
Ru
Sif Muna
Trog
Uskayaw
Vehumet
Wu Jian
Xom
Yredelemnul


Innate Abilities, Weirdness & Mutations

You have a pair of antennae on your head.
You are partially covered in yellow scales. (AC +2)
Spells you cast may paralyse nearby enemies.


Message History

The steam dragon is severely wounded.
You feel sick.
You closely miss the steam dragon.
The steam dragon is severely wounded.
You feel sick. The steam dragon breathes steam at you.
The ball of steam hits you. You resist.
* * * LOW HITPOINT WARNING * * *
You barely miss the steam dragon.
The steam dragon is severely wounded.
The steam dragon closely misses you. The steam dragon barely misses you.
You puncture the steam dragon!
You kill the steam dragon!
Sif Muna accepts your kill.
The steam dragon scales are intact enough to wear.
You feel sick.
Your Stealth skill increases to level 6!
You start resting.
You feel a strong urge to attack something.
You feel sick.
You start resting.
You feel sick.
You are no longer poisoned.
You start resting.
You feel your anger nearly subside.
You are no longer berserk.
You are exhausted.
You feel yourself slow down.
You start resting.
A sky beast comes into view.
A sky beast is nearby!
A sky beast is nearby!
A sky beast is nearby!
A sky beast is nearby!
Items here: ) [[ †.
It was a potion of invisibility.
You fade into invisibility! f - +0 steam dragon scales The sky beast hits you.
* * * LOW HITPOINT WARNING * * *
The sky beast shocks you.
You die...

.(.....# #.#
#.#.#### #.#
.......###.#
..#......#.#
..#..#.#.#.#
..#....#.#.## {
{ { .
###.#.#....#..##
.. ..###..##.#
#..### #.?
.##.#.#.##.#
#@Y### ..#
#.......#
###).##..#
####.##.# ###..#
#....# ###..###
#.##.# ###..###
#....###..###
#.#..#.)###
#....'###..
#..........#


You could see a sky beast (unable to see you).

Vanquished Creatures
  A steam dragon (D:7)
  A water moccasin (D:5)
  An orc warrior (D:7)
  An ice beast (D:6)
  3 sky beasts
  A black bear (D:5)
  A centaur (D:7)
  A phantom (D:6)
  A gnoll sergeant (D:7)
  A necrophage (D:6)
  A bullfrog (D:7)
  3 scorpions
  A howler monkey (D:6)
  4 electric eels (D:6)
  5 hounds
  3 orc priests
  A gnoll bouda (D:4)
  A jelly (D:4)
  Jessica (D:2)
  4 iguanas
  4 orc wizards
  6 adders
  A white imp (D:5)
  2 ufetubi
  2 worms (D:3)
  22 orcs
  6 ball pythons
  9 endoplasms
  A giant cockroach (D:1)
  4 hobgoblins
  3 jackals
  7 kobolds
  3 quokkas
  3 bats
  3 frilled lizards
  8 goblins
  A rat (D:1)
121 creatures vanquished.

Vanquished Creatures (collateral kills)
  4 foxfires (D:6)
4 creatures vanquished.

Vanquished Creatures (others)
  249 foxfires
  A plant (D:6)
250 creatures vanquished.

Grand Total: 375 creatures vanquished

Notes
Turn   | Place    | Note
-------+----------+-------------------------------------------
     0 | D:1      | DemonSlayer the Demonspawn Fire Elementalist began the
                  | quest for the Orb.
     0 | D:1      | Reached XP level 1. HP: 13/13 MP: 3/3
   441 | D:1      | Gained mutation: You are partially covered in yellow
                  | scales. (AC +2) [demonic ancestry]
   441 | D:1      | Reached XP level 2. HP: 19/19 MP: 1/5
   444 | D:1      | Learned a level 2 spell: Scorch
   699 | D:1      | Found a faded altar of an unknown god.
  1371 | D:2      | Gained mutation: Spells you cast may paralyse adjacent
                  | enemies. [demonic ancestry]
  1371 | D:2      | Reached XP level 3. HP: 24/24 MP: 2/6
  2158 | D:2      | Noticed Jessica
  2185 | D:2      | Killed Jessica
  2186 | D:2      | Gained mutation: You have a pair of small antennae on your
                  | head. [demonic ancestry]
  2186 | D:2      | Reached XP level 4. HP: 28/31 MP: 3/7
  2445 | D:2      | Learned a level 3 spell: Stone Arrow
  2684 | D:3      | Reached XP level 5. HP: 35/36 MP: 6/9
  2833 | D:3      | Found the amulet of Elemental Vulnerability {rPois rF--
                  | rC-- AC+8}
  3928 | D:4      | Reached XP level 6. HP: 37/42 MP: 6/10
  4434 | D:4      | Learned a level 3 spell: Conjure Flame
  4435 | D:5      | Entered Level 5 of the Dungeon
  4440 | D:5      | Found a staircase to the Ecumenical Temple.
  4535 | Temple   | Entered the Ecumenical Temple
  4834 | Temple   | Became a worshipper of Sif Muna the Loreminder
  4924 | D:5      | Noticed a water moccasin
  4929 | D:5      | Killed a water moccasin
  4930 | D:5      | Reached XP level 7. HP: 47/47 MP: 9/13
  5384 | D:5      | Reached skill level 1 in Short Blades
  5722 | D:5      | Learned a level 3 spell: Mephitic Cloud
  6005 | D:6      | Reached skill level 1 in Fighting
  6119 | D:6      | Reached skill level 5 in Fire Magic
  6140 | D:6      | Gained mutation: You have a pair of antennae on your head.
                  | [demonic ancestry]
  6140 | D:6      | Reached XP level 8. HP: 41/54 MP: 0/15
  6339 | D:6      | Reached * piety under Sif Muna
  6344 | D:6      | Learned a level 3 spell: Ignite Poison
  6381 | D:6      | Reached skill level 5 in Stealth
  6381 | D:6      | Reached skill level 5 in Spellcasting
  7377 | D:6      | Found an iron altar of Okawaru.
  7380 | D:6      | Found a blossoming altar of Fedhas.
  7884 | D:7      | Gained mutation: Spells you cast may paralyse nearby
                  | enemies. [demonic ancestry]
  7884 | D:7      | Reached XP level 9. HP: 61/61 MP: 18/18
  7908 | D:7      | Slain by a sky beast

Illustrated notes

Levels and vault maps discovered:
D:1:      heliophobic_arrival_glass_houses, layout_rooms,
          ebering_ecumenical_altar_petrified, grunt_decor_clamped,
          minmay_misc_feat_nine_boxes
D:2:      layout_loops_ring, st_stairs_5, guppyfry_early_orc_mine, uniq_jessica
D:3:      layout_loops_ring
D:4:      layout_basic, minmay_fractal_squares_5
D:5:      layout_loops_ring, minmay_temple_entry_arrows, dk_noncrumbling_2,
          palyth_stone_intersect, hex_medium, nicolae_eternal_life
D:6:      layout_cave_pools, nicolae_overflow_squiral, serial_bayou,
          serial_bayou_pond_d, serial_bayou_lake_a, serial_bayou_crossing,
          serial_bayou_pond_c, nrook_mini_vaults, minmay_liquid_box
D:7:      minmay_the_grid_triangle_9x9_recursive_2
          [minmay_the_grid_triangle_9x9_prize_special,
          minmay_the_grid_triangle_9x9_thin_v,
          minmay_the_grid_triangle_9x9_impossible_snake,
          minmay_the_grid_triangle_9x9_sprig], layout_loops_corners,
          grunt_ashenzari_visionary [grunt_ashenzari_visionary_shoals,
          grunt_ashenzari_visionary_snake], serial_shops, nicolae_shop_crystal,
          hangedman_abyss_or_decor_passed, dreamdust_gnoll_farm
Temple:   nicolae_temple_slightly_damp_pantheon

Skill      XL: |  1  2  3  4  5  6  7  8  9 |
---------------+----------------------------+-----
Fire Magic     | 3 4 5 6 |  6.5
Stealth        | 2 3 4 5 6 |  6.0
Conjurations   | 2 3 |  3.4
Spellcasting   | 3 4 6 |  6.2
Dodging        | 2 |  2.7
Short Blades   | 1 |  1.7
Fighting       | 1 |  1.9
Maces & Flails | |  0.1

Action                   |  1- 3 |  4- 6 |  7- 9 || total
-------------------------+-------+-------+-------++-------
Melee: Mace              |    13 |       |       ||    13
       Dagger            |     5 |    42 |    59 ||   106
 Cast: Foxfire           |    65 |    64 |    27 ||   156
       Scorch            |       |    27 |    46 ||    73
       Conjure Flame     |       |       |     1 ||     1
  Use: Potion            |     1 |     1 |     7 ||     9
       Scroll            |       |     6 |     8 ||    14
 Stab: Sleeping          |     3 |     5 |     6 ||    14
       Paralysed         |     3 |    19 |    22 ||    44
Armor: Robe              |     9 |    18 |    19 ||    46
Dodge: Dodged            |    21 |    28 |    48 ||    97
